 Dungeon Crawl Stone Soup version 0.28-a0-1235-g7c8fac35f0 (webtiles) character file.

Game seed: 9610596527566410746

56 HessuHobo the Insei (level 3, 8/30 HPs)
             Began as a Draconian Transmuter on Dec 25, 2021.
             Was an Initiate of Ashenzari.
             Quit the game on level 3 of the Dungeon.
             The game lasted 00:06:08 (3076 turns).

HessuHobo the Insei (Draconian Transmuter)          Turns: 3076, Time: 00:06:08

Health: 8/30       AC:  6    Str: 12    XL:     3   Next: 71%
Magic:  6/6        EV: 12    Int: 13    God:    Ashenzari [......]
Gold:   68         SH:  0    Dex: 13    Spells: 2/6 levels left

rFire   . . .      SeeInvis .     - Unarmed
rCold   . . .      Faith    .   (no shield)
rNeg    . . .      Spirit   .   (armour unavailable)
rPois   .          Reflect  .   (helmet restricted)
rElec   .          Harm     .   (no cloak)
rCorr   .          Rampage  .   g - +0 pair of gloves of the Cosmic Seer {Fort, Self} (curse)
Will    .....                   (no boots)
Stlth   +.........              (no amulet)
HPRegen 0.10/turn               (no ring)
MPRegen 0.10/turn               (no ring)

@: no status effects
A: AC +5, unfitting armour, cold-blooded
a: Renounce Religion, Curse Item, Shatter the Chains


You were on level 3 of the Dungeon.
You worshipped Ashenzari.
Ashenzari was noncommittal.
You visited 1 branch of the dungeon, and saw 3 of its levels.

You collected 68 gold pieces.

Inventory:

Missiles
 f - 13 poisoned darts
 n - 22 stones
Armour
 g - the cursed +0 pair of gloves of the Cosmic Seer (worn) {Fort, Self}
   (You found it on level 2 of the Dungeon)

   It has a curse which improves the following skills: Fortitude: Shields.
   Introspection: Fighting and Spellcasting.
Jewellery
 k - a +4 ring of evasion
Scrolls
 c - a scroll of fear {unknown}
 e - a scroll of teleportation
 h - a scroll of fog {unknown}
 i - 2 scrolls of enchant armour
Potions
 a - 2 potions of mutation {unknown}
 b - a potion of heal wounds {unknown}
 d - 3 potions of haste {unknown}
 j - a potion of ambrosia {unknown}
 l - a potion of curing {unknown}
 m - a potion of flight {unknown}


   Skills:
 - Level 2.0(2.3) Fighting
 - Level 1.7 Dodging
 + Level 3.5 Unarmed Combat
 - Level 2.0(2.4) Spellcasting
 + Level 2.6 Transmutations
 + Level 1.6 Poison Magic


You had 2 spell levels left.
You knew the following spells:

 Your Spells              Type           Power      Damage    Failure   Level
a - Beastly Appendage     Tmut           16%        N/A       9%          1
b - Spider Form           Tmut/Pois      7%         N/A       30%         3

Your spell library contained the following spells:

 Spells                   Type           Power      Damage    Failure   Level
 Wereblood                Tmut           8%         N/A       12%         2
 Ensorcelled Hibernation  Hex/Ice        2%         N/A       36%         2
 Tukima's Dance           Hex            1%         N/A       58%         3
 Vampiric Draining        Necr           1%         2d6       58%         3
 Ice Form                 Ice/Tmut       5%         N/A       80%         4
 Flame Wave               Conj/Fire      1%         2d4       94%         4
 Borgnjor's Vile Clutch   Necr/Erth      0%         N/A       100%        5


Dungeon Overview and Level Annotations

Branches:
Dungeon (3/15)

Altars:
Ashenzari
Elyvilon

Annotations:
D:2 exclusion: 2 downstairs
D:3 1 runed translucent door, Grinder; tensugalgo's ghost, weakling DsAM


Innate Abilities, Weirdness & Mutations

Your plain brown scales are hard. (AC +5)
You cannot fit into any form of body armour.
You are cold-blooded and may be slowed by cold attacks.


Message History

An ice beast comes into view.
There is a stone staircase leading up here. 2 quokkas come into view.
The quokka moves out of view.
The quokka barely misses you. The quokka barely misses you.
The quokka barely misses you.
The quokka bites you but does no damage.
The quokka bites you.
Found a scroll labelled DOEVAIR RAGOUCE.
The quokka bites you but does no damage.
Found a runed translucent door.
Found a spear.
Tensugalgo's ghost turns its malevolent gaze towards you.
The quokka misses you.
You see here a scroll labelled DOEVAIR RAGOUCE.
e - 2 scrolls labelled DOEVAIR RAGOUCE (gained 1)
The quokka misses you.
The quokka bites you but does no damage.
The quokka completely misses you.
Okay, then.
The quokka bites you but does no damage.
As you read the scroll labelled HAEHOR DABANAI, it crumbles to dust.
It is a scroll of enchant armour.
You aren't carrying any armour which can be enchanted further.
The quokka bites you.
The quokka bites you but does no damage.
As you read the scroll labelled DOEVAIR RAGOUCE, it crumbles to dust.
You feel strangely unstable.
It was a scroll of teleportation.
The quokka barely misses you.
Unknown command.
Your surroundings suddenly seem different.
Grinder comes into view.
Grinder shouts!
Grinder gestures at you. Pain shoots through your body!
Grinder gestures at you. Pain shoots through your body!
* * * LOW HITPOINT WARNING * * *
Are you sure you want to abandon this character and quit the game? (Confirm with "yes".)

#.# ##...........
###.###
#...........
#.....#
#.##.###..##
##.....#####.#....
....
#...............###
.## #......#####.#
## #......##
#.##....# #.#####@#
#.# #.# #.# #5# #.#
#.# #.# #..
#####.## #..
#......# #..
#.##...# #..#
#.###+##


You could see Grinder.

Vanquished Creatures
  2 adders (D:2)
  A dart slug (D:1)
  4 ball pythons
  4 endoplasms
  2 giant cockroaches (D:1)
  2 goblins (D:1)
  4 hobgoblins
  A quokka (D:2)
  5 bats
  3 frilled lizards
  3 kobolds
  3 rats
34 creatures vanquished.

Notes
Turn   | Place    | Note
-------+----------+-------------------------------------------
     0 | D:1      | HessuHobo the Draconian Transmuter began the quest for the
                  | Orb.
     0 | D:1      | Reached XP level 1. HP: 16/16 MP: 3/3
   329 | D:1      | Reached XP level 2. HP: 22/23 MP: 3/5
   632 | D:1      | Reached skill level 1 in Poison Magic
  1575 | D:2      | Reached XP level 3. HP: 9/29 MP: 4/6
  1800 | D:2      | Learned a level 3 spell: Spider Form
  1808 | D:2      | Found a faded altar of an unknown god.
  1822 | D:2      | Prayed at the altar of an unknown god.
  1822 | D:2      | Became a worshipper of Ashenzari the Shackled
  2746 | D:2      | Got the Handbook of Sinister Confrontation
  2881 | D:3      | Found a white marble altar of Elyvilon.
  2893 | D:3      | Noticed a scorpion
  3024 | D:3      | Noticed an ice beast
  3046 | D:3      | Found a runed translucent door.
  3051 | D:3      | Noticed tensugalgo's ghost (weakling DsAM)
  3074 | D:3      | Noticed Grinder
  3076 | D:3      | Quit the game

Illustrated notes

Levels and vault maps discovered:
D:1:      dpeg_arrival_pits, layout_loops_corners
D:2:      layout_basic, dreamdust_ecumenical_altar_statues
D:3:      layout_loops_ring, lemuel_coloured_pillars_altar, elyvilon_altar_4,
          nzn_hepliaklqana_mist_gate, ebering_ghost_reflecting_pool,
          serial_shops, nicolae_shop_hallway_stairs, shop, uniq_grinder

Skill      XL: |  1  2 |
---------------+-------+-----
Poison Magic   | 1 |  1.6
Fighting       | 2 |  2.0
Dodging        | |  1.7
Unarmed Combat | |  3.5
Spellcasting   | |  2.0
Transmutations | |  2.6

Action                   || total
-------------------------++-------
Melee: Unarmed           ||   112
       Kick              ||     7
       Tailslap          ||     4
       Headbutt          ||     2
 Cast: Beastly Appendage ||    12
Invok: Curse Item        ||     1
  Use: Scroll            ||     2
 Stab: Sleeping          ||     3
Armor: Skin              ||    37
Dodge: Dodged            ||    69

Table legend: (Time is in decaauts)
 A = Elapsed time spent in this place.
 B = Non-inter-level travel time spent in this place.
 C = Inter-level travel time spent in this place.
 D = Time resting spent in this place.
 E = Time spent auto-exploring this place.
 F = Levels seen in this place.
 G = Mean time per level.
                   A        B        C        D        E       F      G
               +--------+--------+--------+--------+--------+-----+--------+
         Total |   3072 |   2833 |    239 |    851 |   1579 |   3 | 1024.0 |
       Dungeon |   3072 |   2833 |    239 |    851 |   1579 |   3 | 1024.0 |
               +--------+--------+--------+--------+--------+-----+--------+

Top non-repeatable levels by time:
     D:2: 1584 daAuts
     D:1: 1395 daAuts
     D:3: 92 daAuts
